AoeStats
← Comend x comend

Black Forest

506697621Analyzed
4v4 RM · 17d ago on Sep 14, 2026· 39m 25s· 8 players
Game mode
Random Map
Map size
Large (8 player)
Population
200
Speed
Normal
Resources
Standard
Victory
Conquest
Starting age
Dark Age
Ending age
Imperial Age
RankedLock teamsTeams togetherTeam positionsShared explorationLock speedFull tech treeHidden civsTurbo modeCheats
Victory
Defeat
🇩🇪 Georgians · Germany
1516
+12
🇨🇭 Cumans · Switzerland
1455
+15
🇩🇪 Sicilians · Germany
1438
+15
🇩🇪 Vietnamese · Germany
1418
+16
🇧🇷 Franks · Brazil
1472
-16
🇨🇳 Ethiopians · China
1428
-15
🇺🇾 Bulgarians · Uruguay
1420
-14
🇵🇪 Vikings · Peru
1389
-13
lorddoc
1:19 Loom
10:19 Feudal Age
12:59 Double-Bit Axe
22:48 Castle Age
21:17 Fishing Lines
22:25 Wheelbarrow
22:43 Horse Collar
23:52 Heavy Plow
28:22 Imperial Age
27:32 Hand Cart
28:16 Gold Mining
28:37 Fletching
28:48 Padded Archer Armor
29:44 Bow Saw
29:46 Bloodlines
29:39 Bodkin Arrow
30:22 Conscription
31:06 Parthian Tactics
31:06 Leather Archer Armor
31:42 Ballistics
32:31 Chemistry
33:41 Thumb Ring
34:09 Ring Archer Armor
33:59 Elite Kipchak
hermelin*?
4:23 Loom
10:54 Feudal Age
15:19 Castle Age
13:35 Double-Bit Axe
17:26 Wheelbarrow
17:27 Town Watch
18:40 Bow Saw
21:09 Stone Mining
21:09 Gold Mining
25:01 Hand Cart
26:18 Horse Collar
26:52 Fletching
30:48 Imperial Age
28:40 Forging
29:27 Scale Barding Armor
29:38 Husbandry
30:38 Bloodlines
30:51 Chain Barding Armor
31:31 Iron Casting
31:23 Scale Mail Armor
33:16 Plate Barding Armor
33:02 Conscription
32:20 Cavalier
34:21 Blast Furnace
34:07 Coinage
34:32 Hauberk
38:05 Hoardings
38:22 Banking
37:52 Caravan
38:03 Guilds
38:25 Bodkin Arrow
Blade_PEC
1:12 Loom
11:12 Feudal Age
12:10 Man-at-Arms
13:28 Fletching
22:05 Castle Age
20:16 Double-Bit Axe
20:46 Horse Collar
21:28 Gold Mining
21:39 Fishing Lines
23:29 Bow Saw
24:02 Gillnets
29:58 Wheelbarrow
29:27 Town Watch
33:56 Imperial Age
31:54 Gold Mining
32:13 Caravan
32:37 Scale Mail Armor
32:47 Forging
32:11 Pikeman
32:52 Squires
33:47 Chain Mail Armor
34:58 Iron Casting
34:03 Halberdier
34:13 Onager
35:10 Long Swordsman
35:36 Gambesons
36:41 Plate Mail Armor
36:50 Iron Casting
36:01 Two-Handed Swordsman
^ScArFaCe^
11:40 Feudal Age
15:14 Castle Age
14:02 Double-Bit Axe
13:58 Horse Collar
14:08 Fishing Lines
21:23 Gillnets
22:14 Bow Saw
21:45 Horse Collar
24:32 Heavy Plow
24:24 Gold Mining
24:25 Stone Mining
25:55 Wheelbarrow
26:30 Hand Cart
27:36 Town Watch
30:48 Imperial Age
28:19 Loom
29:31 Scale Mail Armor
29:42 Forging
29:35 Fletching
29:45 Padded Archer Armor
29:42 Town Watch
30:13 Scale Barding Armor
30:20 Forging
30:36 Ballistics
31:32 Chatras
32:28 Chain Barding Armor
32:44 Iron Casting
32:49 Bloodlines
32:40 Husbandry
32:57 Guilds
32:18 Elite Battle Elephant
36:17 Plate Barding Armor
36:15 Bodkin Arrow
36:21 Padded Archer Armor
37:26 Chemistry
37:24 Elite Rattan Archer
39:19 Bracer
39:35 Leather Archer Armor
39:26 Murder Holes
Comend x comend
0:35 Loom
12:55 Feudal Age
15:11 Double-Bit Axe
18:15 Castle Age
19:35 Bow Saw
21:20 Fishing Lines
21:33 Gold Mining
21:36 Stone Mining
22:26 Horse Collar
24:55 Gillnets
25:40 Town Watch
30:03 Imperial Age
29:26 Chieftains
30:08 Capped Ram
Julio2
6:17 Loom
12:14 Feudal Age
12:59 Double-Bit Axe
16:28 Castle Age
25:17 Wheelbarrow
25:45 Fishing Lines
26:00 Gold Mining
27:39 Hand Cart
28:08 Gillnets
31:23 Imperial Age
30:21 Caravan
31:15 Scale Barding Armor
31:20 Forging
31:24 Cavalier
31:27 Onager
32:33 Chain Barding Armor
32:53 Iron Casting
33:13 Coinage
33:37 Gold Shaft Mining
33:15 Bow Saw
32:52 Paladin
33:40 Chivalry
34:01 Conscription
34:37 Plate Barding Armor
35:03 Blast Furnace
Carrito de panchos
1:49 Loom
11:08 Feudal Age
20:47 Castle Age
19:08 Double-Bit Axe
20:12 Horse Collar
27:11 Wheelbarrow
32:38 Imperial Age
30:20 Scale Mail Armor
30:13 Pikeman
32:45 Hand Cart
32:42 Squires
33:00 Chain Mail Armor
32:54 Gambesons
32:54 Arson
33:21 Forging
33:04 Halberdier
34:05 Gold Mining
34:05 Stone Mining
35:30 Plate Mail Armor
35:35 Iron Casting
36:53 Conscription
37:00 Bagains
38:50 Blast Furnace
帝国孙笑川
11:47 Feudal Age
15:42 Castle Age
13:35 Double-Bit Axe
16:19 Fishing Lines
17:07 Bow Saw
17:36 Gillnets
17:40 Horse Collar
18:50 Heavy Plow
20:01 Loom
20:54 Wheelbarrow
21:58 Fervor
21:59 Gold Mining
22:02 Stone Mining
23:18 Hand Cart
25:32 Gold Shaft Mining
25:35 Stone Shaft Mining
28:36 Imperial Age
26:43 Caravan
27:49 Fletching
28:00 Padded Archer Armor
28:23 Ballistics
29:01 Coinage
28:56 Bodkin Arrow
29:18 Leather Archer Armor
30:27 Chemistry
29:29 Bracer
30:14 Conscription
29:56 Torsion Engines
29:21 Crossbowman
30:06 Thumb Ring
30:31 Arbalester
32:36 Banking
33:02 Ring Archer Armor
32:38 Scale Barding Armor
32:40 Onager
Connection lost

Rejoining the realm…

Still unreachable

The connection could not be restored.

Session expired

The server has moved on; the page needs a fresh start.